[Event "ICC Open 2015"]
[Site "Internet Chess Club"]
[Date "2015.05.29"]
[Round "8"]
[White "TasteOflover"]
[Black "kava"]
[Result "1/2-1/2"]
[ICCResult "Game drawn because neither player has mating material"]
[WhiteElo "2820"]
[BlackElo "2907"]
[Opening "Queen's pawn game"]
[ECO "A46"]
[NIC "QP.06"]
[Time "15:28:45"]
[TimeControl "180+0"]

1. d4 Nf6 2. Nf3 e6 3. g3 b6 4. Bg2 Bb7 5. O-O c5 6. c4 cxd4 7. Qxd4 d6 8.
Rd1 a6 9. Nc3 Nbd7 10. Ng5 Bxg2 11. Kxg2 Rc8 12. Nge4 Rc6 13. b3 Be7 14. Ba3
Nc5 15. Qe3 Qa8 16. Bxc5 bxc5 17. Qf3 O-O 18. Rd2 Rd8 19. Rad1 Ne8 20. Rd3
Rcc8 21. h4 Qc6 22. h5 h6 23. Na4 Kf8 24. Nac3 Rd7 25. Na4 Rcd8 26. Nec3
Qxf3+ 27. Kxf3 Nf6 28. g4 Rc7 29. Ne4 Nxe4 30. Kxe4 Ke8 31. f4 Kd7 32. f5
Kc6 33. Kf3 d5 34. Nc3 d4 35. Ne4 Bd6 36. e3 Be5 37. exd4 Rxd4 38. Rxd4 Bxd4
39. Ng3 a5 40. Ne2 Be5 41. Ke4 Bf6 42. Ng3 Re7 43. Kf3 Bd4 44. Re1 Kd6 45.
fxe6 fxe6 46. Rf1 Rf7+ 47. Ke4 Rxf1 48. Nxf1 Ke7 49. Nd2 Kd6 50. Nf3 Bf6 51.
Kf4 Kc6 52. Ke4 Kd6 53. Kf4 Ke7 54. Ke4 Kd7 55. Kf4 Kd6 56. Nd2 Be5+ 57. Ke4
Bf6 58. Nf3 Kc6 59. Ne1 Kd7 60. Nd3 Bd4 61. Nf4 Ke7 62. Nh3 Kf6 63. Kf4 Be5+
64. Ke4 Bd6 65. Nf2 g6 66. hxg6 Kxg6 67. Kf3 Be7 68. Ne4 Kg7 69. Kf4 Kf7 70.
Ke5 Bf8 71. Kf4 Be7 72. Ke5 Bf8 73. a3 Be7 74. Kf4 Kg6 75. Ke5 Kf7 76. Kf4
Bf8 77. Ke5 Be7 78. Kf4 Kg6 79. Ke5 Kf7 80. Kf4 Ke8 81. Ke5 Kd7 82. Kf4 Bd6+
83. Ke3 Ke7 84. Kf3 Kd7 85. a4 Be7 86. g5 Bd6 87. gxh6 Bf8 88. h7 Bg7 89.
Ng5 Ke7 90. Kg4 Kf6 91. Kh5 e5 92. Ne4+ Kf5 93. Nd6+ Kf4 94. Kg6 Bh8 95. Nf7
e4 96. Nxh8 e3 97. Nf7 e2 98. h8=Q e1=Q 99. Qf6+ Kg4 100. Qe5 Qb1+ 101. Kf6
Qxb3 102. Qxc5 Qxa4 103. Ke6 Qe8+ 104. Qe7 Qc6+ 105. Nd6 a4 106. Qg7+ Kf4
107. Qf6+ Ke3 108. Qe5+ Kd3 109. Qd5+ Qxd5+ 110. cxd5 a3 111. Nb5 a2 112. d6
a1=Q 113. d7 Qa6+ 114. Nd6 Qb6 115. Ke7 Qc7 116. Ke8 Qc6 117. Ke7 Qc7 118.
Ke8 Qxd7+ 119. Kxd7 {Game drawn because neither player has mating material}
1/2-1/2

[Event "ICC Open 2015"]
[Site "Internet Chess Club"]
[Date "2015.05.29"]
[Round "8"]
[White "Kenajode"]
[Black "ab1310"]
[Result "1-0"]
[ICCResult "Black forfeits on time"]
[WhiteElo "1576"]
[BlackElo "1436"]
[Opening "Queen's pawn game"]
[ECO "A46"]
[NIC "QP.06"]
[Time "15:29:22"]
[TimeControl "180+0"]

1. d4 Nf6 2. Nf3 e6 3. g3 b6 4. Bg2 Bb7 5. Kf1 Be7 6. c4 d5 7. Ne5 O-O 8.
Nc3 Nbd7 9. cxd5 exd5 10. Kg1 Nxe5 11. dxe5 Ne4 12. f4 Nxc3 13. bxc3 Bc5+
14. e3 f6 15. exf6 Rxf6 16. h3 g5 17. Kh2 gxf4 18. exf4 Qd6 19. Re1 Raf8 20.
Re5 Re6 21. Rxd5 Bxd5 22. Bxd5 Kh8 23. c4 c6 24. Bb2+ Ref6 25. Bxf6+ Rxf6
26. Bg2 Bd4 27. Rc1 c5 28. Rc2 Re6 29. Re2 Qe7 30. Rxe6 Qxe6 31. Bd5 Qe3 32.
h4 Qf2+ 33. Kh3 Kg7 34. Qg4+ Kf8 35. Qf5+ Ke7 36. Qf7+ {Black forfeits on
time} 1-0

[Event "ICC Open 2015"]
[Site "Internet Chess Club"]
[Date "2015.05.29"]
[Round "8"]
[White "ural"]
[Black "Pigs"]
[Result "0-1"]
[ICCResult "White forfeits on time"]
[WhiteElo "2502"]
[BlackElo "2051"]
[Opening "Sicilian defense"]
[ECO "B20"]
[NIC "SI.48"]
[Time "15:29:17"]
[TimeControl "180+0"]

1. e4 c5 2. b3 Nc6 3. Bb2 d6 4. f4 e5 5. Qf3 Nd4 6. Qd3 Nf6 7. Nf3 Nxf3+ 8.
gxf3 exf4 9. Nc3 Be7 10. Rg1 Rg8 11. O-O-O Be6 12. Ne2 g5 13. h4 h6 14. hxg5
hxg5 15. Bxf6 Bxf6 16. Nxf4 Qa5 17. Kb1 O-O-O 18. Nxe6 fxe6 19. Bh3 Rge8 20.
c3 Kc7 21. Bg4 b5 22. Rh1 Re7 23. Rh6 Be5 24. Rxe6 Rxe6 25. Bxe6 b4 26. Rc1
bxc3 27. dxc3 Rh8 28. Kb2 Rh2+ 29. Rc2 Rh1 30. a4 Rh8 31. Qb5 Qxb5 32. axb5
Kb6 33. Bc4 Rf8 34. Be2 Rh8 35. Kc1 Rh1+ 36. Kd2 Rh3 37. c4 Bf4+ 38. Ke1 Be3
39. Kf1 Rg3 40. Ke1 Bd4 41. Kd2 Be5 42. Ra2 Bf4+ 43. Kd3 g4 44. Ra6+ Kb7 45.
e5 Bxe5 46. Ke4 Rg2 47. Bd1 g3 48. f4 Rf2 49. Bf3 g2 50. Bxg2 Rxg2 51. fxe5
Re2+ 52. Kd5 Rd2+ 53. Ke6 dxe5 54. Rc6 e4 55. Rxc5 e3 56. Re5 e2 57. Re3 Rb2
58. Ke5 Kb6 59. Kd4 Ka5 60. c5 Rxb3 61. Rxe2 Rb4+ 62. Kd5 Kxb5 63. Ra2 Rb3
64. Kd6 Rd3+ 65. Kc7 Re3 66. Rc2 Re7+ 67. Kb8 Rf7 68. Rb2+ Kxc5 69. Ka8 Kd4
70. Kb8 Kc3 71. Rb6 Rf8+ 72. Kc7 Rf7+ 73. Kb8 Rf8+ {White forfeits on time}
0-1

[Event "ICC Open 2015"]
[Site "Internet Chess Club"]
[Date "2015.05.29"]
[Round "8"]
[White "Glamurius"]
[Black "CapilanoBridge"]
[Result "1-0"]
[ICCResult "Black resigns"]
[WhiteElo "3021"]
[BlackElo "3155"]
[Opening "Queen's pawn: English defense"]
[ECO "A40"]
[NIC "VO.03"]
[Time "15:27:48"]
[TimeControl "180+0"]

1. d4 b6 2. e4 Bb7 3. Bd3 e6 4. Nf3 Nf6 5. e5 Nd5 6. O-O Nb4 7. Be2 d6 8. a3
N4c6 9. Bf4 dxe5 10. dxe5 Qxd1 11. Rxd1 Nd7 12. Nc3 Be7 13. h4 g6 14. b4 h6
15. Rd2 O-O-O 16. Rad1 a5 17. b5 Na7 18. a4 Bb4 19. Rd3 Nc5 20. Rxd8+ Rxd8
21. Rxd8+ Kxd8 22. Na2 Ba3 23. Bxh6 Nxa4 24. Ng5 Ke7 25. Bg7 Bb2 26. Bf6+
Kf8 27. c4 Nc3 28. Nxc3 Bxc3 29. Bd1 Bd4 30. g4 Bb2 31. h5 gxh5 32. gxh5 Bc1
33. h6 Bxg5 34. h7 {Black resigns} 1-0

[Event "ICC Open 2015"]
[Site "Internet Chess Club"]
[Date "2015.05.29"]
[Round "8"]
[White "mazmar6"]
[Black "jonesey"]
[Result "0-1"]
[ICCResult "White resigns"]
[WhiteElo "2094"]
[BlackElo "1940"]
[Opening "Blumenfeld counter-gambit, Dus-Chotimursky variation"]
[ECO "A46"]
[NIC "QP.06"]
[Time "15:33:52"]
[TimeControl "180+0"]

1. d4 Nf6 2. Nf3 c5 3. d5 b5 4. c4 e6 5. Bg5 h6 6. Bxf6 Qxf6 7. Nbd2 Qxb2 8.
Rb1 Qc3 9. Rxb5 exd5 10. Rb3 Qa5 11. cxd5 Ba6 12. g3 d6 13. Bg2 Be7 14. O-O
O-O 15. Re1 Nd7 16. e4 Rab8 17. e5 Nxe5 18. Nxe5 dxe5 19. Rxe5 Bd6 20. Ree3
c4 21. Rxb8 Rxb8 22. Ne4 Qxa2 23. Re1 Bb4 24. Re2 Qb3 25. d6 Qxd1+ 26. Bf1
c3 {White resigns} 0-1

[Event "ICC Open 2015"]
[Site "Internet Chess Club"]
[Date "2015.05.29"]
[Round "8"]
[White "Kaiju"]
[Black "Vegita"]
[Result "0-1"]
[ICCResult "White resigns"]
[WhiteElo "2068"]
[BlackElo "2321"]
[Opening "Sicilian: Najdorf, Opocensky variation"]
[ECO "B92"]
[NIC "SI.10"]
[Time "15:28:34"]
[TimeControl "180+0"]

1. e4 c5 2. Nf3 d6 3. d4 cxd4 4. Nxd4 Nf6 5. Nc3 a6 6. Be2 Nbd7 7. O-O g6 8.
g4 Nc5 9. Bf3 h5 10. g5 Ng4 11. Bg2 Bg7 12. h3 Ne5 13. f4 Nc6 14. Be3 O-O
15. Nce2 Bd7 16. c3 Rc8 17. b4 Na4 18. Qd2 Nxd4 19. Bxd4 e5 20. fxe5 dxe5
21. Be3 Bb5 22. Qxd8 Rfxd8 23. Rfe1 Bxe2 24. Rxe2 Nxc3 25. Rf2 Rd1+ 26. Rxd1
Nxd1 27. Re2 Bf8 28. a3 a5 29. bxa5 Nxe3 30. Rxe3 Bc5 31. Kf2 Bxe3+ 32. Kxe3
Rc3+ 33. Kd2 Rxa3 {White resigns} 0-1

[Event "ICC Open 2015"]
[Site "Internet Chess Club"]
[Date "2015.05.29"]
[Round "9"]
[White "Satyricon"]
[Black "VerdeNotte"]
[Result "0-1"]
[ICCResult "White resigns"]
[WhiteElo "2241"]
[BlackElo "2920"]
[Opening "Benkö gambit half accepted"]
[ECO "A57"]
[NIC "BI.45"]
[Time "15:38:31"]
[TimeControl "180+0"]

1. d4 Nf6 2. c4 c5 3. d5 b5 4. cxb5 a6 5. f3 e6 6. e4 exd5 7. e5 d4 8. exf6
d5 9. bxa6 Qxf6 10. Bb5+ Bd7 11. Qe2+ Be7 12. Nh3 d3 13. Qxd3 O-O 14. Bxd7
Nxd7 15. O-O Ne5 16. Qc2 c4 17. Nc3 Rfd8 18. Bg5 Qb6+ 19. Nf2 Bxg5
{White resigns}
0-1

[Event "ICC Open 2015"]
[Site "Internet Chess Club"]
[Date "2015.05.29"]
[Round "9"]
[White "Reinerg"]
[Black "Huemul"]
[Result "0-1"]
[ICCResult "White checkmated"]
[WhiteElo "1280"]
[BlackElo "1323"]
[Opening "Philidor: exchange variation"]
[ECO "C41"]
[NIC "KP.08"]
[Time "15:38:33"]
[TimeControl "180+0"]

1. e4 e5 2. Nf3 d6 3. d4 exd4 4. Nxd4 Nd7 5. Nc3 g6 6. Nf3 Bg7 7. Bg5 f6 8.
Bd2 b6 9. Bc4 Bb7 10. Bd5 Bxd5 11. Nxd5 Ne5 12. Nxe5 fxe5 13. O-O Ne7 14. c4
Nxd5 15. cxd5 O-O 16. Be3 Qf6 17. Qd2 a5 18. Bh6 Rf7 19. Bxg7 Kxg7 20. h3
Raf8 21. f3 h5 22. Rae1 g5 23. Re2 g4 24. hxg4 hxg4 25. Ref2 g3 26. Re2 Qh4
27. Rc1 Qh2+ 28. Kf1 Qh1# {White checkmated} 0-1

[Event "ICC Open 2015"]
[Site "Internet Chess Club"]
[Date "2015.05.29"]
[Round "9"]
[White "budde"]
[Black "kolding"]
[Result "1-0"]
[ICCResult "Black resigns"]
[WhiteElo "1942"]
[BlackElo "1761"]
[Opening "Ruy Lopez: Schliemann defense"]
[ECO "C63"]
[NIC "RL.06"]
[Time "15:39:47"]
[TimeControl "180+0"]

1. e4 e5 2. Nf3 Nc6 3. Bb5 f5 4. Bxc6 dxc6 5. d3 fxe4 6. dxe4 Qxd1+ 7. Kxd1
Nf6 8. Nc3 Bd6 9. Bg5 Bg4 10. Ke2 O-O 11. Rad1 h6 12. Be3 Bb4 13. h3 Bxc3
14. hxg4 Bxb2 15. Rb1 Ba3 16. Rxb7 Bd6 17. g5 hxg5 18. Nxg5 Nxe4 19. Nxe4
{Black resigns}
1-0

[Event "ICC Open 2015"]
[Site "Internet Chess Club"]
[Date "2015.05.29"]
[Round "9"]
[White "Zablotsky"]
[Black "OptimusMagister"]
[Result "1-0"]
[ICCResult "Black resigns"]
[WhiteElo "2782"]
[BlackElo "2258"]
[Opening "King's Indian: fianchetto, Uhlmann (Szabo) variation"]
[ECO "E62"]
[NIC "KI.72"]
[Time "15:38:28"]
[TimeControl "180+0"]

1. Nf3 g6 2. g3 Bg7 3. Bg2 d6 4. O-O Nf6 5. d4 O-O 6. c4 Nc6 7. Nc3 e5 8. d5
Ne7 9. e4 Ne8 10. b4 c5 11. a3 b6 12. Be3 a6 13. Qd2 Bd7 14. Rab1 Qc7 15.
Rfd1 Rb8 16. bxc5 bxc5 17. Rxb8 Qxb8 18. Rb1 Qc7 19. Qb2 Nc8 20. Qb7 Bf6 21.
Qxa6 Bd8 22. Rb7 Qa5 23. Qxa5 Bxa5 24. Nb5 Bxb5 25. cxb5 {Black resigns} 1-0

[Event "ICC Open 2015"]
[Site "Internet Chess Club"]
[Date "2015.05.29"]
[Round "9"]
[White "Ohanessian"]
[Black "Birdy69"]
[Result "1-0"]
[ICCResult "Black resigns"]
[WhiteElo "2066"]
[BlackElo "1763"]
[Opening "Alekhine's defense: Balogh variation"]
[ECO "B03"]
[NIC "AL.09"]
[Time "15:38:25"]
[TimeControl "180+0"]

1. e4 Nf6 2. e5 Nd5 3. d4 d6 4. Bc4 Nb6 5. Bb3 dxe5 6. Qh5 e6 7. dxe5 Nc6 8.
Nf3 Be7 9. Nc3 Nd4 10. Nxd4 Qxd4 11. Be3 Qh4 12. Qe2 Bb4 13. O-O-O Bxc3 14.
Bxb6 Bxb2+ 15. Kxb2 axb6 16. Qb5+ c6 17. Qxb6 O-O 18. g3 Qh5 19. f4 Ra6 20.
Qc7 Qf5 21. Rd8 {Black resigns} 1-0

[Event "ICC Open 2015"]
[Site "Internet Chess Club"]
[Date "2015.05.29"]
[Round "9"]
[White "HaraldEskilstu"]
[Black "ibarra"]
[Result "0-1"]
[ICCResult "White resigns"]
[WhiteElo "2009"]
[BlackElo "2826"]
[Opening "Sicilian: closed"]
[ECO "B23"]
[NIC "SI.44"]
[Time "15:38:57"]
[TimeControl "180+0"]

1. e4 c5 2. Nc3 e6 3. g3 a6 4. Bg2 b5 5. d3 Bb7 6. f4 d5 7. Nh3 b4 8. Ne2
dxe4 9. Bxe4 Bxe4 10. dxe4 Qxd1+ 11. Kxd1 Nf6 12. Nf2 c4 13. Be3 Nc6 14. c3
O-O-O+ 15. Kc2 a5 16. Rad1 Be7 17. Rxd8+ Bxd8 18. Rd1 h5 19. h3 Bc7 20. Bc5
Nd7 21. Bd6 Bb6 22. Nd4 Kb7 23. Rd2 Rc8 24. Nd1 Nf6 25. Nxc6 Rxc6 26. cxb4
Nxe4 27. b5 Rxd6 {White resigns} 0-1

[Event "ICC Open 2015"]
[Site "Internet Chess Club"]
[Date "2015.05.29"]
[Round "9"]
[White "MichelRocard"]
[Black "Pancake"]
[Result "1-0"]
[ICCResult "Black resigns"]
[WhiteElo "1976"]
[BlackElo "1753"]
[Opening "Four knights: Schultze-Müller gambit"]
[ECO "C47"]
[NIC "VG.04"]
[Time "15:39:32"]
[TimeControl "180+0"]

1. e4 e5 2. Nc3 Nf6 3. Nf3 Nc6 4. Nxe5 Nxe5 5. d4 Nc6 6. d5 Nb8 7. e5 Ng8 8.
d6 cxd6 9. exd6 Qf6 10. Nb5 Na6 11. Bc4 Qe5+ 12. Be3 Nf6 13. O-O Kd8 14. Re1
Qxb2 15. Bxa7 Qb4 16. Bb6+ {Black resigns} 1-0

[Event "ICC Open 2015"]
[Site "Internet Chess Club"]
[Date "2015.05.29"]
[Round "9"]
[White "nevidimka"]
[Black "Nemesis23"]
[Result "1-0"]
[ICCResult "Black checkmated"]
[WhiteElo "2021"]
[BlackElo "1774"]
[Opening "Levitsky attack (Queen's bishop attack)"]
[ECO "D00"]
[NIC "QP.08"]
[Time "15:39:54"]
[TimeControl "180+0"]

1. d4 d5 2. Bg5 h6 3. Bh4 c6 4. e3 Qb6 5. Nf3 Qxb2 6. Nbd2 e6 7. Rb1 Qa3 8.
c4 Qd6 9. Bd3 Be7 10. Bg3 Qd8 11. O-O Nf6 12. e4 dxe4 13. Nxe4 Nxe4 14. Bxe4
O-O 15. Rb3 Nd7 16. Bb1 Nb6 17. Qc2 g6 18. Ne5 Qe8 19. Bf4 Kg7 20. Rg3 g5
21. Qh7+ Kf6 22. Ng4# {Black checkmated} 1-0

[Event "ICC Open 2015"]
[Site "Internet Chess Club"]
[Date "2015.05.29"]
[Round "9"]
[White "IssaNissa"]
[Black "carlito78"]
[Result "1-0"]
[ICCResult "Black resigns"]
[WhiteElo "1821"]
[BlackElo "1571"]
[Opening "Queen's pawn game"]
[ECO "D00"]
[NIC "QP.08"]
[Time "15:40:10"]
[TimeControl "180+0"]

1. d4 d5 2. c3 g6 3. Nf3 Bg7 4. Bg5 Nf6 5. e3 Ne4 6. Bh4 f6 7. Bd3 Kf8 8.
Nbd2 Kf7 9. Nxe4 dxe4 10. Bxe4 c6 11. O-O f5 12. Bc2 Bf6 13. Bxf6 exf6 14.
e4 Re8 15. exf5 Bxf5 16. Bxf5 gxf5 17. Qd3 Qd7 18. Rae1 Rg8 19. Nh4 Rg5 20.
f4 Rg4 21. g3 Na6 22. Qxf5 Qxf5 23. Nxf5 Rag8 24. Nh6+ {Black resigns} 1-0

[Event "ICC Open 2015"]
[Site "Internet Chess Club"]
[Date "2015.05.29"]
[Round "9"]
[White "EirikG"]
[Black "Rembrand"]
[Result "1-0"]
[ICCResult "Black resigns"]
[WhiteElo "2552"]
[BlackElo "2116"]
[Opening "Four knights: Gunsberg variation"]
[ECO "C47"]
[NIC "KP.06"]
[Time "15:38:59"]
[TimeControl "180+0"]

1. e4 e5 2. Nf3 Nc6 3. Nc3 Nf6 4. a3 d6 5. d4 exd4 6. Nxd4 Be7 7. Bc4 O-O 8.
O-O Nxd4 9. Qxd4 c6 10. a4 a5 11. Re1 Qc7 12. Bf4 Bg4 13. h3 Bh5 14. g4 Bg6
15. Rad1 Rad8 16. Bg3 h5 17. g5 Nd7 18. Bxd6 Bxd6 19. Qxd6 Qxd6 20. Rxd6 Ne5
21. Rxd8 Rxd8 22. Be2 Rd2 23. Bd1 Nc4 24. Nb1 Rd4 25. b3 Ne5 26. f3 h4 27.
Kf2 Rd2+ 28. Nxd2 {Black resigns} 1-0

[Event "ICC Open 2015"]
[Site "Internet Chess Club"]
[Date "2015.05.29"]
[Round "9"]
[White "Vladimirovich"]
[Black "Danya"]
[Result "1-0"]
[ICCResult "Black resigns"]
[WhiteElo "3294"]
[BlackElo "3079"]
[Opening "Trompowsky attack (Ruth, Opocenský opening)"]
[ECO "A45"]
[NIC "QP.07"]
[Time "15:39:30"]
[TimeControl "180+0"]

1. d4 Nf6 2. Bg5 Ne4 3. Bf4 Nc6 4. Nf3 d5 5. e3 e6 6. Bd3 Bd6 7. O-O O-O 8.
c3 f5 9. c4 Bxf4 10. exf4 dxc4 11. Bxc4 Qd6 12. Nc3 Qxf4 13. Nb5 a6 14. g3
axb5 15. gxf4 bxc4 16. d5 Rd8 17. dxc6 Rxd1 18. Rfxd1 bxc6 19. Rd8+ Kf7 20.
Ne5+ Ke7 21. Nxc6+ Kf6 22. Rf8+ {Black resigns} 1-0

[Event "ICC Open 2015"]
[Site "Internet Chess Club"]
[Date "2015.05.29"]
[Round "9"]
[White "xionoula"]
[Black "PaYbAcK"]
[Result "0-1"]
[ICCResult "White resigns"]
[WhiteElo "2204"]
[BlackElo "2655"]
[Opening "Queen's pawn, Mason variation"]
[ECO "D00"]
[NIC "QP.08"]
[Time "15:38:34"]
[TimeControl "180+0"]

1. d4 d5 2. Bf4 Nf6 3. e3 e6 4. Nf3 c5 5. c3 Nc6 6. Nbd2 Bd6 7. Bg3 O-O 8.
Bd3 b6 9. Ne5 Bb7 10. f4 Ne7 11. Ndf3 Ne4 12. Nd2 Nf5 13. Bxe4 dxe4 14. Qe2
cxd4 15. exd4 e3 16. Ndf3 Bxe5 17. fxe5 Qd5 18. O-O a5 19. a3 Ba6 20. Qc2
Bxf1 21. Rxf1 Rac8 22. Qd3 Qb3 23. Qe2 b5 24. Nh4 Nxg3 25. hxg3 b4 26. axb4
axb4 27. Nf3 bxc3 28. Ng5 cxb2 29. Qh5 b1=Q {White resigns} 0-1

[Event "ICC Open 2015"]
[Site "Internet Chess Club"]
[Date "2015.05.29"]
[Round "9"]
[White "Havank"]
[Black "RST2003"]
[Result "1-0"]
[ICCResult "Black checkmated"]
[WhiteElo "2085"]
[BlackElo "1848"]
[Opening "King's Indian: Petrosian system, Stein variation"]
[ECO "E92"]
[NIC "KI.17"]
[Time "15:39:29"]
[TimeControl "180+0"]

1. d4 Nf6 2. Nf3 g6 3. c4 Bg7 4. Nc3 d6 5. e4 O-O 6. Be2 e5 7. d5 a5 8. Bg5
Qe8 9. Nd2 Nfd7 10. h4 f5 11. h5 f4 12. Bg4 h6 13. Be6+ Kh7 14. hxg6+ Qxg6
15. Be7 Qxg2 16. Qf3 Qxf3 17. Nxf3 Re8 18. Ng5+ Kg6 19. Bf5# {Black
checkmated} 1-0

[Event "ICC Open 2015"]
[Site "Internet Chess Club"]
[Date "2015.05.29"]
[Round "9"]
[White "DARKTRUDER"]
[Black "gonesailing"]
[Result "1-0"]
[ICCResult "Black resigns"]
[WhiteElo "2168"]
[BlackElo "1509"]
[Opening "Latvian: Fraser defense"]
[ECO "C40"]
[NIC "KP.09"]
[Time "15:39:57"]
[TimeControl "180+0"]

1. e4 e5 2. Nf3 f5 3. Nxe5 Nc6 4. Nxc6 dxc6 5. exf5 Bxf5 6. d4 Nf6 7. Bc4
Bd6 8. Nc3 Qd7 9. Qe2+ Qe7 10. Qxe7+ Bxe7 11. Bg5 O-O-O 12. O-O-O h6 13. Bh4
Bb4 14. Rhe1 Rde8 15. a3 Bd6 16. Bg3 Ng4 17. h3 Bxg3 18. hxg4 Bxg4 19. fxg3
Bxd1 20. Kxd1 Rxe1+ 21. Kxe1 Rf8 22. Ne2 Kd8 23. c3 b6 24. Nf4 Ke7 25. Ng6+
Ke8 26. Nxf8 Kxf8 27. g4 Ke7 28. Bd3 Kf6 29. Ke2 Kg5 30. Kf3 h5 31. gxh5
Kxh5 32. Kf4 g5+ 33. Kf5 Kh4 34. Ke6 Kg3 35. Be4 {Black resigns} 1-0

[Event "ICC Open 2015"]
[Site "Internet Chess Club"]
[Date "2015.05.29"]
[Round "9"]
[White "Sc6"]
[Black "klodshans"]
[Result "1-0"]
[ICCResult "Black resigns"]
[WhiteElo "1750"]
[BlackElo "1542"]
[Opening "French: Winawer, advance, positional main line"]
[ECO "C19"]
[NIC "FR.12"]
[Time "15:38:21"]
[TimeControl "180+0"]

1. e4 e6 2. d4 d5 3. Nc3 Bb4 4. e5 c5 5. a3 Bxc3+ 6. bxc3 Ne7 7. Nf3 Nd7 8.
Be2 Qc7 9. O-O Nc6 10. Be3 Na5 11. Qd2 c4 12. Ng5 Nxe5 13. dxe5 Qxe5 14. Bf4
Qf5 15. Rfe1 h6 16. Nh3 O-O 17. Rad1 Bd7 18. Bf3 Bc6 19. Re5 Qg6 20. Bh5 Qh7
21. Be2 Bd7 22. g4 Nc6 23. Re3 f5 24. g5 Kh8 25. Rg3 Ne7 26. gxh6 gxh6 27.
Be5+ {Black resigns} 1-0

[Event "ICC Open 2015"]
[Site "Internet Chess Club"]
[Date "2015.05.29"]
[Round "9"]
[White "MasterZachary"]
[Black "A4-H5"]
[Result "1-0"]
[ICCResult "Black checkmated"]
[WhiteElo "2176"]
[BlackElo "1825"]
[Opening "Sicilian defense"]
[ECO "B20"]
[NIC "SI.48"]
[Time "15:38:31"]
[TimeControl "180+0"]

1. e4 c5 2. Bc4 Nc6 3. Ne2 d6 4. O-O e5 5. f4 Be6 6. Bxe6 fxe6 7. fxe5 Nxe5
8. d4 cxd4 9. Nxd4 Nf6 10. Nxe6 Qb6+ 11. Kh1 Nxe4 12. Qh5+ g6 13. Qh4 Ng4
14. Qxg4 Nf2+ 15. Rxf2 Qxf2 16. Qd1 Kd7 17. Nc5+ Kc6 18. Ne4 Qf5 19. Nbc3
Bg7 20. Qxd6# {Black checkmated} 1-0

[Event "ICC Open 2015"]
[Site "Internet Chess Club"]
[Date "2015.05.29"]
[Round "9"]
[White "Sebs"]
[Black "garompon"]
[Result "1-0"]
[ICCResult "Black resigns"]
[WhiteElo "2926"]
[BlackElo "2562"]
[Opening "King's Indian: 4.e4"]
[ECO "E76"]
[NIC "KI.32"]
[Time "15:39:44"]
[TimeControl "180+0"]

1. d4 Nf6 2. c4 g6 3. Nc3 Bg7 4. e4 O-O 5. f4 d6 6. Nf3 c5 7. dxc5 Qa5 8.
Bd3 Qxc5 9. Qe2 Bg4 10. Be3 Qa5 11. O-O Nc6 12. Rac1 Nd7 13. Bb1 Bd4 14.
Bxd4 Nxd4 15. Qe3 Nxf3+ 16. gxf3 Bf5 17. exf5 gxf5 18. Qxe7 Nc5 19. Qxd6
Rad8 20. Qe5 f6 21. Qxf5 Rf7 22. Kh1 Kf8 23. Rg1 {Black resigns} 1-0

[Event "ICC Open 2015"]
[Site "Internet Chess Club"]
[Date "2015.05.29"]
[Round "9"]
[White "FlashGordon"]
[Black "canpawn"]
[Result "1-0"]
[ICCResult "Black resigns"]
[WhiteElo "1295"]
[BlackElo "1496"]
[Opening "French: Tarrasch, open variation"]
[ECO "C07"]
[NIC "FR.18"]
[Time "15:39:44"]
[TimeControl "180+0"]

1. e4 e6 2. d4 d5 3. Nd2 c5 4. Ngf3 Nc6 5. Bb5 Bd7 6. exd5 exd5 7. Qe2+ Be7
8. O-O Nf6 9. dxc5 O-O 10. Bxc6 Bxc6 11. b4 a6 12. Bb2 Ne4 13. Ne5 Bf6 14.
Nxc6 bxc6 15. Bxf6 Qxf6 16. Nxe4 dxe4 17. Qxe4 Rfe8 18. Qg4 Re5 19. Rad1 Rg5
20. Qd7 Rf8 21. Rd6 Qd4 22. Rxd4 h5 23. Qxc6 f5 24. Qd5+ Kh7 25. c6 Kh6 26.
c7 f4 27. Qd8 Rf6 28. Qxf6+ gxf6 29. c8=Q Rg7 30. Qf8 {Black resigns} 1-0

[Event "ICC Open 2015"]
[Site "Internet Chess Club"]
[Date "2015.05.29"]
[Round "9"]
[White "CapilanoBridge"]
[Black "TasteOflover"]
[Result "1-0"]
[ICCResult "Black resigns"]
[WhiteElo "3159"]
[BlackElo "2816"]
[Opening "English: Caro-Kann defensive system"]
[ECO "A11"]
[NIC "EO.64"]
[Time "15:39:29"]
[TimeControl "180+0"]

1. c4 c6 2. Nc3 d5 3. d4 Nf6 4. e3 a6 5. b3 g6 6. a4 Bg7 7. Ba3 a5 8. Nf3
Na6 9. cxd5 Nxd5 10. Nxd5 Qxd5 11. Bc4 Qd8 12. Ng5 O-O 13. Qf3 Qe8 14. h4 h6
15. h5 hxg5 16. hxg6 e6 17. Qh5 fxg6 18. Qh7+ Kf7 19. Rh6 Kf6 20. Bd6 Qf7
21. Bd3 Bxh6 22. Qxh6 Rd8 23. Be5+ Ke7 24. Bxg6 Qg8 25. O-O-O Nb4 26. Rh1
Kd7 27. Qh7+ {Black resigns} 1-0

[Event "ICC Open 2015"]
[Site "Internet Chess Club"]
[Date "2015.05.29"]
[Round "9"]
[White "Unlikely"]
[Black "BillietheKid"]
[Result "1-0"]
[ICCResult "Black resigns"]
[WhiteElo "2062"]
[BlackElo "1457"]
[Opening "French: Tarrasch"]
[ECO "C03"]
[NIC "FR.14"]
[Time "15:39:13"]
[TimeControl "180+0"]

1. e4 e6 2. d4 d5 3. Nd2 Be7 4. Ngf3 Nf6 5. e5 Nfd7 6. c3 c5 7. Bd3 Nc6 8.
O-O b6 9. Qe2 O-O 10. Rd1 f6 11. Bb5 Bb7 12. exf6 Rxf6 13. Bxc6 Bxc6 14. Ng5
Nf8 15. Ndf3 Rg6 16. Ne5 Bxg5 17. Nxc6 Qc7 18. Ne5 Bxc1 19. Nxg6 hxg6 20.
Raxc1 Qf4 21. Qe3 Qf5 22. Re1 Re8 23. Qe5 Qg4 24. h3 Qf5 25. Re3 cxd4 26.
cxd4 g5 27. Qxf5 {Black resigns} 1-0

[Event "ICC Open 2015"]
[Site "Internet Chess Club"]
[Date "2015.05.29"]
[Round "9"]
[White "bythebook"]
[Black "DarkThrone"]
[Result "0-1"]
[ICCResult "White resigns"]
[WhiteElo "1718"]
[BlackElo "2400"]
[Opening "Ruy Lopez: closed, 7...O-O"]
[ECO "C88"]
[NIC "RL.17"]
[Time "15:40:15"]
[TimeControl "180+0"]

1. e4 e5 2. Nf3 Nc6 3. Bb5 a6 4. Ba4 Nf6 5. O-O Be7 6. Re1 b5 7. Bb3 O-O 8.
d3 Bb7 9. c3 h6 10. Nbd2 Re8 11. Nf1 Bf8 12. Ng3 d5 13. Qe2 Na5 14. Bc2 c5
15. Nf5 c4 16. exd5 Qxd5 17. dxc4 Nxc4 18. Bb3 e4 19. Ne3 exf3 {White
resigns} 0-1

[Event "ICC Open 2015"]
[Site "Internet Chess Club"]
[Date "2015.05.29"]
[Round "9"]
[White "Tut"]
[Black "Volkov"]
[Result "1-0"]
[ICCResult "Black checkmated"]
[WhiteElo "3209"]
[BlackElo "2980"]
[Opening "QGD Slav defense"]
[ECO "D10"]
[NIC "SL.01"]
[Time "15:38:44"]
[TimeControl "180+0"]

1. d4 d5 2. c4 c6 3. e3 Nf6 4. Bd3 e5 5. Nc3 exd4 6. exd4 dxc4 7. Bxc4 Be7
8. Nf3 O-O 9. O-O Bg4 10. h3 Bxf3 11. Qxf3 Nbd7 12. Re1 Nb6 13. Bb3 h6 14.
Bf4 Nfd5 15. Be5 Qd7 16. Re2 Rae8 17. Rae1 Bd8 18. Ne4 f6 19. Bf4 Bc7 20.
Bxc7 Qxc7 21. Nxf6+ Rxf6 22. Rxe8+ Kf7 23. Qh5+ g6 24. Qxh6 Qf4 25. Rf8#
{Black checkmated}
1-0